 Dungeon Crawl Stone Soup version 0.30-a0-373-gd37427bb62 (webtiles) character file.

Game seed: 7657808703219801497

44 timneilson the Covered (level 3, -1/34 HPs)
             Began as a Gargoyle Fighter on Nov 24, 2022.
             Slain by a gnoll
             ... wielding a +0 halberd
              (5 damage)
             ... on level 2 of the Dungeon.
             The game lasted 00:03:56 (1052 turns).

timneilson the Covered (Gargoyle Fighter)           Turns: 1052, Time: 00:03:57

Health: -1/34      AC: 21    Str: 27    XL:     3   Next: 62%
Magic:  3/3        EV:  2    Int:  8    God:
Gold:   73         SH:  4    Dex:  9    Spells: 2/2 levels left

rFire   . . .      SeeInvis .    a - +0 long sword
rCold   . . .      Faith    .    c - +0 buckler
rNeg    + . .      Spirit   .    (body armour currently unavailable)
rPois   ∞          Reflect  .    (helmet currently unavailable)
rElec   .          Harm     .    (cloak currently unavailable)
rCorr   .          Rampage  .    (gloves currently unavailable)
Will    .....      NoTele   +    (boots currently unavailable)
Stlth   +.........               (no amulet)
HPRegen 0.25/turn                g - +6 ring of strength
MPRegen 0.08/turn                (no ring)

@: brilliant, tree-form
A: stationary, stasis, torment immunity, boosted hp, sickness immunity, AC +3,
negative energy resistance 1, (electricity resistance), torment resistance 1,
petrification resistance
a: no special abilities


You were on level 2 of the Dungeon.
You were a tree.
You visited 1 branch of the dungeon, and saw 2 of its levels.

You collected 73 gold pieces.

Inventory:

Hand Weapons
 a - a +0 long sword (weapon)
Armour
 c - a +0 buckler (worn)
 f - a +0 chain mail (melded)
Jewellery
 g - a +6 ring of strength (left branch)
Scrolls
 b - a scroll of magic mapping
 i - a scroll of vulnerability {unknown}
Potions
 d - a potion of might
 k - a potion of haste {unknown}


   Skills:
 + Level 3.5 Fighting
 * Level 2.4 Long Blades
 * Level 3.7 Armour
 + Level 0.6 Dodging
 * Level 3.6 Shields


You had 2 spell levels left.
You didn't know any spells.
Your spell library contained the following spells:

 Spells                   Type           Power      Damage    Failure   Level
 Summon Guardian Golem    Hex/Summ       0%         N/A       86%         3
 Orb of Destruction       Conj           0%         9d5       100%        7
 Spellforged Servitor     Conj/Summ      0%         N/A       100%        7


Dungeon Overview and Level Annotations

Branches:
Dungeon (2/15)

Altars:

Shops:
D:2 !?[[


Innate Abilities, Weirdness & Mutations

You are a tree.
Your roots penetrate the ground, keeping you stationary.
You cannot be teleported.
You are immune to unholy pain and torment.
Your maximum health is greatly increased.
Your equipment is partially melded.
You are immune to sickness and miasma.
((Your stone body is resilient. (AC +3)))
You are immune to poison.
You resist negative energy. (rN+)
((You are resistant to electric shocks. (rElec)))
You are resistant to unholy torment.
You are immune to petrification.


Message History

The gnoll closely misses you. The gnoll hits you but does no damage.
You barely miss the gnoll. The gnoll barely misses you.
The gnoll hits you with a +0 flail.
The gnoll hits you from afar with a +0 halberd!
You hit the gnoll.
The gnoll is moderately wounded.
You block the gnoll's attack. The gnoll barely misses you.
You block the gnoll's attack. The gnoll closely misses you.
The gnoll hits you with a +0 flail. The gnoll completely misses you.
You hit the gnoll.
The gnoll is heavily wounded.
The gnoll barely misses you. The gnoll hits you but does no damage.
You block the gnoll's attack.
You hit the gnoll but do no damage.
The gnoll is heavily wounded.
The gnoll hits you from afar with a +0 spear.
* * * LOW HITPOINT WARNING * * *
The gnoll hits you with a +0 flail.
* * * LOW HITPOINT WARNING * * *
The gnoll barely misses you.
It was a potion of brilliance.
You feel clever all of a sudden.
The gnoll hits you from afar with a +0 spear.
* * * LOW HITPOINT WARNING * * *
The gnoll barely misses you. The gnoll hits you but does no damage.
It was a potion of lignification.
You turn into a tree.
Your +0 chain mail melds into your body.
Your roots penetrate the ground.
The gnoll hits you but does no damage. x2
You block the gnoll's attack.
You closely miss the gnoll.
The gnoll is heavily wounded.
The gnoll hits you from afar with a +0 spear.
* * * LOW HITPOINT WARNING * * *
The gnoll hits you from afar with a +0 halberd.
* * * LOW HITPOINT WARNING * * *
The gnoll hits you but does no damage. x4
It was a potion of magic.
Magic courses through your body. The gnoll hits you but does no damage.
You block the gnoll's attack.
The gnoll hits you from afar with a +0 halberd.
You die...

##'#####..##....# #.#
#.........#
##.####...##....#### #
...........+.......##<#
##...†..#.##....###.≈.##..
......†....+........≈......
##..###†#.##....#####∩##.##
##.###.#.#####.#####.#
#...........#.♣gg.# #
....##'###########g.#
###.#............# ...#
#............# ###
#............#
#............#
#............# .#
#.....#(.....# #.###
#............# ....


You could see 3 gnolls.

Vanquished Creatures
  A gnoll (D:1)
  A dart slug (D:1)
  4 ball pythons
  An endoplasm (D:1)
  A giant cockroach (D:1)
  3 goblins (D:1)
  3 hobgoblins (D:1)
  2 quokkas
  3 bats
  3 frilled lizards
  7 kobolds
  7 rats
36 creatures vanquished.

Notes
Turn   | Place    | Note
-------+----------+-------------------------------------------
     0 | D:1      | timneilson the Gargoyle Fighter began the quest for the
                  | Orb.
     0 | D:1      | Reached XP level 1. HP: 14/14 MP: 1/1
    63 | D:1      | Reached XP level 2. HP: 3/19 MP: 2/2
   398 | D:1      | Reached XP level 3. HP: 23/23 MP: 3/3
   828 | D:2      | Found Julo Zubb's Armour Boutique.
   914 | D:2      | Found Omoz's Distillery.
   923 | D:2      | Found Judas's Antique Armour Boutique.
  1032 | D:2      | Found Maodar's Magic Scroll Shoppe.
  1052 | D:2      | Slain by a gnoll

Illustrated notes

Levels and vault maps discovered:
D:1:      sevenhm_arrival_forest_fort_small_4, layout_loops_ring, st_stairs_4
D:2:      layout_basic, basic_altar, serial_shops, shop,
          nicolae_shop_statue_plus, nicolae_shop_hallway_stairs, shop,
          nicolae_shop_advertising_works [nicolae_subvault_shop_adworks],
          kennysheep_small_spiral, minmay_tiny_reverse_x

Skill      XL: |  1 |
---------------+----+-----
Long Blades    | 2 |  2.4
Fighting       | |  3.5
Armour         | |  3.7
Dodging        | |  0.6
Shields        | |  3.6

Action                   || total
-------------------------++-------
Melee: Long sword        ||   137
  Use: Scroll            ||     4
       Potion            ||     3
 Stab: Distracted        ||     1
Armor: Scale mail        ||     8
       Chain mail        ||    76
       Skin              ||     7
Dodge: Dodged            ||    60
Block: Buckler           ||    49

Table legend: (Time is in decaauts)
 A = Elapsed time spent in this place.
 B = Non-inter-level travel time spent in this place.
 C = Inter-level travel time spent in this place.
 D = Time resting spent in this place.
 E = Time spent auto-exploring this place.
 F = Levels seen in this place.
 G = Mean time per level.
                   A        B        C        D        E       F      G
               +--------+--------+--------+--------+--------+-----+--------+
         Total |   1103 |   1079 |     24 |     64 |    623 |   2 |  551.5 |
       Dungeon |   1103 |   1079 |     24 |     64 |    623 |   2 |  551.5 |
               +--------+--------+--------+--------+--------+-----+--------+

Top non-repeatable levels by time:
     D:1: 859 daAuts
     D:2: 243 daAuts
